 Dungeon Crawl Stone Soup version 0.28.0-53-g5a82cb258f (webtiles) character file.

Game seed: 10274820768545616680

3839 Zeld the Fighter (level 9, -1/86 HPs)
             Began as a Minotaur Berserker on May 23, 2022.
             Was an Elder of Trog.
             Slain by an orc
             ... wielding a +0 trident
              (3 damage)
             ... on level 8 of the Dungeon.
             The game lasted 00:05:08 (10455 turns).

Zeld the Fighter (Minotaur Berserker)              Turns: 10455, Time: 00:05:08

Health: -1/86      AC: 14    Str: 25    XL:     9   Next: 98%
Magic:  8/8        EV:  9    Int:  4    God:    Trog [****..]
Gold:   376        SH:  0    Dex: 11    Spells: 8/8 levels left

rFire   . . .      SeeInvis .   a - +0 war axe
rCold   . . .      Faith    .   (no shield)
rNeg    . . .      Spirit   .   z - +0 plate armour
rPois   .          Reflect  .   (helmet restricted)
rElec   .          Harm     .   (no cloak)
rCorr   .          Rampage  .   m - +0 pair of gloves
Will    ++...                   (no boots)
Stlth   ..........              (no amulet)
HPRegen 1.24/turn               (no ring)
MPRegen 0.11/turn               (no ring)

@: strong-willed, mesmerised, regenerating
A: horns 2, retaliatory headbutt
a: Renounce Religion, Berserk, Trog's Hand, Brothers in Arms


You were on level 8 of the Dungeon.
You worshipped Trog.
Trog was greatly pleased with you.
You visited 2 branches of the dungeon, and saw 9 of its levels.

You collected 376 gold pieces.

Inventory:

Hand Weapons
 a - a +0 war axe (weapon)
 v - a +4 battleaxe of freezing
Armour
 m - a +0 pair of gloves (worn)
 z - a +0 plate armour (worn)
Jewellery
 t - a ring of protection from cold
Scrolls
 b - a scroll of fear {unknown}
 d - 2 scrolls of amnesia {unknown}
 f - 9 scrolls of identify {unknown}
 i - 3 scrolls of teleportation {unknown}
 j - 3 scrolls of vulnerability {unknown}
 k - 4 scrolls of fog {unknown}
 q - 2 scrolls of enchant weapon {unknown}
 r - 3 scrolls of immolation {unknown}
 s - a scroll of noise {unknown}
 w - a scroll of acquirement {unknown}
 x - a scroll of blinking {unknown}
 y - 2 scrolls of enchant armour {unknown}
Potions
 c - 3 potions of degeneration {unknown}
 e - 8 potions of curing {unknown}
 g - 5 potions of brilliance {unknown}
 h - 3 potions of mutation {unknown}
 l - 3 potions of flight {unknown}
 n - 2 potions of heal wounds {unknown}
 o - a potion of lignification {unknown}
 p - 2 potions of haste
 u - a potion of cancellation {unknown}


   Skills:
 * Level 10.6 Fighting
 * Level 10.6 Axes
 + Level 7.4 Armour
 + Level 6.7 Dodging


You had 8 spell levels left.
You didn't know any spells.
Your spell library was empty.

Dungeon Overview and Level Annotations

Branches:
Dungeon (8/15)             Temple (1/1) D:6
   Lair: D:8-11

Altars:
Ashenzari
Cheibriados
Dithmenos
Elyvilon
Fedhas
Gozag
Hepliaklqana
Kikubaaqudgha
Makhleb
Okawaru
Qazlal
Ru
Sif Muna
Trog
Uskayaw
Vehumet
Wu Jian
Xom
Zin
The Shining One

Annotations:
D:8 Maggie


Innate Abilities, Weirdness & Mutations

You have a pair of horns on your head.
You reflexively headbutt those who attack you in melee.


Message History

Unknown command.
You slash Maggie!
Maggie is severely wounded.
You barely miss the orc warrior. Maggie closely misses you.
The orc hits you but does no damage.
The orc warrior hits you with a +0 hand axe!
You are too injured to fight recklessly!
You barely miss the orc warrior. You headbutt the orc warrior.
The orc warrior is heavily wounded.
You closely miss Maggie. Maggie hits you but does no damage.
The orc closely misses you.
The orc warrior hits you with a +0 hand axe.
You hit the orc warrior. Your headbutt misses the orc warrior.
The orc warrior is heavily wounded.
You closely miss Maggie.
Maggie hits you with the +9 lance "Wyrmbane" {slay drac, rPois rF+ rC+ AC+3}.
The orc barely misses you. The orc warrior barely misses you.
Unknown command.
You hit the orc warrior but do no damage.
The orc warrior is heavily wounded.
You barely miss Maggie.
Maggie hits you with the +9 lance "Wyrmbane" {slay drac, rPois rF+ rC+ AC+3}!
* * * LOW HITPOINT WARNING * * *
The orc barely misses you.
The orc warrior hits you with a +0 hand axe.
* * * LOW HITPOINT WARNING * * *
You barely miss the orc warrior. You headbutt the orc warrior.
You punch the orc warrior, but do no damage.
The orc warrior is severely wounded.
You barely miss Maggie. Maggie barely misses you.
The orc hits you from afar with a +0 trident.
* * * LOW HITPOINT WARNING * * *
The orc warrior hits you with a +0 hand axe!
* * * LOW HITPOINT WARNING * * *
Your skin crawls.
You feel strong-willed. Maggie closely misses you. You furiously retaliate!
You headbutt Maggie, but do no damage.
The orc hits you from afar with a +0 trident.
You die...

...#.....##
..........##
...........####
.........<.....
.............
...........#
......@....#
......o@...#
.......)...#
...#..o..#.####
# #####.#....#
..####.# #.##
#.## .. #..#
### ##.##
#..########


You could see Maggie (mesmerising), an orc warrior and an orc.

Vanquished Creatures
  Pikel (D:7)
  Joseph (D:7)
  A kobold demonologist (D:8)
  Prince Ribbit (D:8)
  Sigmund (D:4)
  2 water moccasins
  An ice beast (D:7)
  A necrophage (D:6)
  A black bear (D:6)
  4 ogres
  A phantom (D:4)
  A lemure (D:7)
  A kobold brigand (D:8)
  2 wyvern zombies (D:7)
  2 scorpions (D:6)
  A water moccasin skeleton (D:6)
  A killer bee (D:4)
  A howler monkey (D:4)
  9 wights (D:8)
  2 bullfrog skeletons
  2 hounds
  4 orc priests
  A centaur skeleton (D:7)
  Jessica (D:3)
  3 iguanas
  5 orc wizards
  Natasha (thrice) (D:3)
  A killer bee zombie (D:5)
  3 hound skeletons
  A howler monkey zombie (D:7)
  Robin (D:3)
  2 howler monkey skeletons
  3 gnolls (D:3)
  5 adders
  A white imp (D:5)
  An ufetubus (D:2)
  An adder skeleton (D:4)
  4 worms
  A dart slug (D:2)
  10 orcs
  5 ball pythons
  7 endoplasms
  2 giant cockroaches
  6 hobgoblins
  10 jackals
  10 kobolds
  5 quokkas
  4 bats
  3 frilled lizards
  18 goblins
  6 rats
164 creatures vanquished.

Vanquished Creatures (others)
  An orc (D:5)
  4 toadstools (D:1)
5 creatures vanquished.

Grand Total: 169 creatures vanquished

Notes
Turn   | Place    | Note
-------+----------+-------------------------------------------
     0 | D:1      | Zeld the Minotaur Berserker began the quest for the Orb.
     0 | D:1      | Reached XP level 1. HP: 19/19 MP: 0/0
   380 | D:1      | Reached XP level 2. HP: 27/27 MP: 1/1
  1273 | D:2      | Reached XP level 3. HP: 33/33 MP: 2/2
  1371 | D:2      | Reached ** piety under Trog
  1620 | D:2      | Found a faded altar of an unknown god.
  1891 | D:2      | Reached XP level 4. HP: 30/41 MP: 3/3
  2398 | D:3      | Identified the +1 helmet of Awe {rC++ Int+5}
  2398 | D:3      | Noticed Robin
  2407 | D:3      | Killed Robin
  2640 | D:3      | Noticed Natasha
  2644 | D:3      | Killed Natasha
  2645 | D:3      | Reached skill level 5 in Axes
  2645 | D:3      | Reached XP level 5. HP: 47/47 MP: 4/4
  2665 | D:3      | Noticed Natasha
  2676 | D:3      | Killed Natasha
  2677 | D:3      | Reached skill level 5 in Fighting
  2899 | D:3      | Noticed Jessica
  2902 | D:3      | Killed Jessica
  2902 | D:3      | Reached *** piety under Trog
  3283 | D:3      | Noticed Natasha
  3286 | D:3      | Killed Natasha
  3733 | D:4      | Reached XP level 6. HP: 43/56 MP: 5/5
  4318 | D:4      | Noticed Sigmund
  4356 | D:5      | Entered Level 5 of the Dungeon
  4891 | D:4      | Killed Sigmund
  4892 | D:4      | Reached XP level 7. HP: 43/64 MP: 6/6
  5383 | D:4      | Reached **** piety under Trog
  5551 | D:4      | Found a sacrificial altar of Ru.
  6075 | D:5      | Reached skill level 5 in Armour
  6416 | D:5      | Reached XP level 8. HP: 73/73 MP: 7/7
  7196 | D:6      | Found a staircase to the Ecumenical Temple.
  7270 | Temple   | Entered the Ecumenical Temple
  7584 | D:6      | Reached skill level 5 in Dodging
  8648 | D:7      | Noticed Joseph
  8661 | D:7      | Killed Joseph
  8662 | D:7      | Reached XP level 9. HP: 23/83 MP: 8/8
  9117 | D:7      | Found a burning altar of Makhleb.
  9117 | D:7      | Found a hide-covered altar of Uskayaw.
  9126 | D:7      | Found a stormy altar of Qazlal.
  9128 | D:7      | Found an ancient bone altar of Kikubaaqudgha.
  9130 | D:7      | Found a glowing silver altar of Zin.
  9438 | D:7      | Noticed Pikel
  9451 | D:7      | Killed Pikel
  9623 | D:8      | Noticed Prince Ribbit
  9633 | D:8      | Killed Prince Ribbit
  9634 | D:8      | Reached skill level 10 in Fighting
  9634 | D:8      | Reached skill level 10 in Axes
  9769 | D:8      | Noticed a kobold demonologist
  9771 | D:8      | Noticed a soul eater
  9779 | D:8      | Killed a kobold demonologist
  9949 | D:8      | HP: 4/82 [wight/+4 battleaxe of freezing (5)]
 10434 | D:8      | Noticed Maggie
 10454 | D:8      | HP: 1/86 [orc warrior/+0 hand axe (9)]
 10455 | D:8      | Slain by an orc

Illustrated notes

Levels and vault maps discovered:
D:1:      ldierk_water_garden, layout_loops_ring, corexii_leaking_fountain
D:2:      kennysheep_big_flooded_room, layout_loops_corners,
          dreamdust_ecumenical_altar_statues
D:3:      layout_loops_ring, kennysheep_generic_room_16, uniq_jessica,
          uniq_natasha, uniq_robin
D:4:      minmay_inner_zag, layout_loops_ring, nicolae_ru_the_path_less_chosen,
          minmay_misc_feat_alley, uniq_sigmund
D:5:      layout_cave_pools, st_stairs_12, lemuel_old_faithful
D:6:      layout_gridville, minmay_temple_entry_junction
D:7:      layout_rooms, chequers_temple_overflow_minitemple, uniq_joseph,
          uniq_pikel
D:8:      layout_rooms, uniq_prince_ribbit1, uniq_psyche, uniq_maggie
Temple:   eino_narrow_crystal_temple

Skill      XL: |  1  2  3  4  5  6  7  8  9 |
---------------+----------------------------+-----
Axes           | 4 5 6 7 9 10 | 10.6
Fighting       | 4 5 6 7 9 10 | 10.6
Armour         | 3 4 5 6 7 |  7.4
Dodging        | 3 4 5 6 |  6.7

Action                   |  1- 3 |  4- 6 |  7- 9 || total
-------------------------+-------+-------+-------++-------
Melee: War axe           |    66 |   126 |   236 ||   428
       Hand axe          |     4 |       |       ||     4
       Headbutt          |    13 |    29 |    49 ||    91
       Punch             |       |       |     2 ||     2
Invok: Trog's Hand       |       |       |     2 ||     2
       Berserk           |       |       |     1 ||     1
Armor: Animal skin       |    13 |    17 |     4 ||    34
       Leather armour    |       |       |    16 ||    16
       Plate armour      |       |       |    53 ||    53
Dodge: Dodged            |    50 |    74 |   143 ||   267
